 Dungeon Crawl Stone Soup version 0.32-a0-981-g384da2ce10 (webtiles) character file.

Game seed: 3857998525087680468

9 senseless the Slasher (level 2, 0/24 HPs)
             Began as a Coglin Berserker on Apr 20, 2024.
             Was a Follower of Trog.
             Succumbed to a kobold's poison
             ... on level 1 of the Dungeon.
             The game lasted 00:00:28 (172 turns).

senseless the Slasher (Coglin Berserker)             Turns: 172, Time: 00:00:29

Health: 0/24       AC:  2    Str: 17    XL:     2   Next: 16%
Magic:  2/2        EV: 11    Int:  6    God:    Trog [*.....]
Gold:   12         SH:  0    Dex: 13    Spells: 1/1 levels left

rFire   . . .        a - +0 falchion {Ayize}
rCold   . . .        c - +0 dagger {Raúl}
rNeg    . . .        b - +0 animal skin
rPois   .            (no helmet)
rElec   .            (no cloak)
rCorr   .            (no gloves)
SInv    .            (no boots)
Will    .....        (amulet unavailable)
Stlth   +            (ring unavailable)
HPRegen 0.24/turn    (ring unavailable)
MPRegen 0.08/turn    (no gizmo)

%: no passive effects
@: lethally poisoned (0 -> -15), revved
A: off-hand wielding, slow wielding, warmup strikes, no jewellery
a: Invent Gizmo, Renounce Religion, Berserk


You were on level 1 of the Dungeon.
You worshipped Trog.
Trog was aware of your devotion.
You visited 1 branch of the dungeon, and saw 1 of its levels.

You collected 12 gold pieces.

Inventory:

Hand Weapons
 a - a +0 falchion (weapon) {Ayize}
 c - a +0 dagger (offhand) {Raúl}
Armour
 b - a +0 animal skin (worn)
Scrolls
 d - a scroll of identify {unknown}
 e - a scroll of revelation {unknown}


   Skills:
 + Level 3.2 Fighting
 + Level 3.2 Long Blades
 - Level 1.7 Armour
 + Level 2.1 Dodging


You had one spell level left.
You didn't know any spells.
Your spell library was empty.

Dungeon Overview and Level Annotations

Branches:
Dungeon (1/15)

Altars:


Innate Abilities, Weirdness & Mutations

You can wield a second weapon in your off-hand.
It takes a long time for you to wield or remove held weapons.
Your first few attacks do less damage.
You cannot equip rings or amulets.


Message History

You are too injured to fight recklessly!
You are too injured to fight recklessly!
You are too injured to fight recklessly!
You are too injured to fight recklessly!
You are too injured to fight recklessly!
You are too injured to fight recklessly!
You are too injured to fight recklessly!
You are too injured to fight recklessly!
You are too injured to fight recklessly!
You are too injured to fight recklessly!
You are too injured to fight recklessly!
You are too injured to fight recklessly!
You are too injured to fight recklessly!
You are too injured to fight recklessly!
You closely miss the kobold with your +0 falchion.
You hit the kobold with your +0 dagger.
A kobold comes into view. It is wielding a +2 dagger of venom.
The kobold hits you with a +0 dagger. The kobold completely misses you.
You barely miss the kobold with your +0 dagger.
The kobold is severely wounded.
The kobold shouts!
You slash the kobold with your +0 falchion!
You kill the kobold!
Trog accepts your kill.
You hit the goblin but do no damage.
You barely miss the goblin with your +0 falchion.
The goblin hits you with a +0 club.
You hit the goblin with your +0 dagger.
You kill the goblin!
Trog accepts your kill.
Things that are here:
a +0 club; a goblin corpse; a ball python corpse You hit the kobold but do no damage.
You barely miss the kobold with your +0 falchion.
The kobold hits you with a +2 dagger of venom.
* * * LOW HITPOINT WARNING * * *
You are lethally poisoned!
You barely miss the kobold with your +0 falchion.
You closely miss the kobold with your +0 dagger.
You die...

............>....##
...#........##..##....#
.............#...##.....
#.#..........#.#.#......
............#.......###
#.#.........####.###.#..
.............# #.##...).
....#........# #.##...ß.
.....>K@.....###..#.._..
####...).......#......ß.
#.?.........#.#......
#########.#...#....##
#.#.######## #.#.# #.#.#
#...# #####


You could see a kobold.

Vanquished Creatures
  A giant cockroach (D:1)
  3 goblins (D:1)
  A kobold (D:1)
  A quokka (D:1)
  A ball python (D:1)
  A frilled lizard (D:1)
8 creatures vanquished.

Notes
Turn   | Place    | Note
-------+----------+-------------------------------------------
     0 | D:1      | senseless the Coglin Berserker began the quest for the Orb.
     0 | D:1      | Reached XP level 1. HP: 18/18 MP: 1/1
   131 | D:1      | Found a faded altar of an unknown god.
   166 | D:1      | Reached XP level 2. HP: 12/24 MP: 2/2
   172 | D:1      | Succumbed to a kobold's poison

Illustrated notes

Levels and vault maps discovered:
D:1:      heliophobic_arrival_dark_side_of_the_moon, layout_basic,
          dreamdust_ecumenical_altar_statues, st_stairs_2

Skill      XL: |  1 |
---------------+----+-----
Dodging        | 2 |  2.1
Fighting       | |  3.2
Long Blades    | |  3.2
Armour         | |  1.7

Action                     || total
---------------------------++-------
  Melee: Falchion          ||    22
         Dagger            ||    22
 Armour: Animal skin       ||    17
  Dodge: Dodged            ||     9

Table legend: (Time is in decaauts)
 A = Elapsed time spent in this place.
 B = Non-inter-level travel time spent in this place.
 C = Inter-level travel time spent in this place.
 D = Time resting spent in this place.
 E = Time spent auto-exploring this place.
 F = Levels seen in this place.
 G = Mean time per level.
                   A        B        C        D        E       F      G
               +--------+--------+--------+--------+--------+-----+--------+
         Total |    173 |    173 |      0 |      0 |    125 |   1 |  173.0 |
       Dungeon |    173 |    173 |      0 |      0 |    125 |   1 |  173.0 |
               +--------+--------+--------+--------+--------+-----+--------+

Top non-repeatable levels by time:
     D:1: 173 daAuts
